 Dungeon Crawl Stone Soup version 0.30-a0-634-g8abc85282e (webtiles) character file.

Game seed: 4530500740649575135

1114 Dartaoz the Cleaver (level 8, 0/68 HPs)
             Began as a Hill Orc Monk on Jan 14, 2023.
             Was a Believer of Beogh.
             Killed from afar by Maggie (21 damage)
             ... with a bolt of fire
             ... on level 6 of the Dungeon.
             The game lasted 00:20:03 (6188 turns).

Dartaoz the Cleaver (Hill Orc Monk)                 Turns: 6188, Time: 00:20:04

Health: 0/68       AC: 10    Str: 16    XL:     8   Next: 34%
Magic:  10/10      EV:  4    Int: 10    God:    Beogh [**....]
Gold:   334        SH:  4    Dex: 13    Spells: 7/7 levels left

rFire   . . .      SeeInvis .    p - +0 war axe
rCold   . . .      Faith    .    e - +0 buckler
rNeg    . . .      Spirit   .    s - +0 chain mail
rPois   .          Reflect  .    j - +0 helmet
rElec   .          Harm     .    (no cloak)
rCorr   .          Rampage  .    (no gloves)
Will    .....                    (no boots) Stlth
                                 (no amulet)
HPRegen 0.31/turn                (no ring)
MPRegen 0.12/turn                (no ring)

@: grasped by roots, mesmerised, constricted
A: no striking features
a: Renounce Religion, Smiting


You were on level 6 of the Dungeon.
You worshipped Beogh.
Beogh was pleased with you.
You visited 1 branch of the dungeon, and saw 6 of its levels.

You collected 367 gold pieces.
You spent 33 gold pieces at shops.

Inventory:

Hand Weapons
 a - a +0 hand axe
 p - a +0 war axe (weapon)
Armour
 b - a +0 robe
 d - a +0 leather armour
 e - a +0 buckler (worn)
 f - a +0 tower shield
 g - a +0 ring mail
 j - a +0 helmet (worn)
 s - a +0 chain mail (worn)
Jewellery
 y - an amulet of faith
Wands
 w - a wand of flame (12)
Scrolls
 h - 4 scrolls of magic mapping
 i - a scroll of immolation {unknown}
 l - 2 scrolls of enchant weapon {unknown}
 m - 3 scrolls of fog {unknown}
 q - a scroll of enchant armour {unknown}
 r - 3 scrolls of teleportation {unknown}
 t - 2 scrolls of identify
 u - a scroll of noise {unknown}
 x - a scroll of fear {unknown}
Potions
 c - a potion of ambrosia
 n - a potion of lignification
 o - 4 potions of curing
 v - a potion of flight {unknown}
 z - a potion of magic {unknown}
 A - a potion of haste {unknown}
 B - a potion of mutation {unknown}


   Skills:
 + Level 5.1 Fighting
 + Level 10.5 Axes
 + Level 3.0 Armour
 - Level 2.4 Dodging
 - Level 1.5 Stealth
 + Level 3.0 Shields
 + Level 3.5 Invocations


You had 7 spell levels left.
You didn't know any spells.
Your spell library contained the following spells:

 Spells                   Type           Power      Damage    Failure   Level
 Animate Dead             Necr           0%         N/A       100%        4
 Borgnjor's Vile Clutch   Necr/Erth      0%         N/A       100%        5
 Death Channel            Necr           0%         N/A       100%        6


Dungeon Overview and Level Annotations

Branches:
Dungeon (6/15)
 Temple: D:4-7

Altars:
Dithmenos
Elyvilon
Kikubaaqudgha
Okawaru
Vehumet
Yredelemnul
The Shining One

Shops:
D:1 =   D:4 !

Annotations:
D:5 3 runed translucent doors, tensugalgo's ghost, amateur AtRe
D:6 Maggie


Message History

The black bear barely misses you.
The black bear claws you but does no damage.
Maggie casts a spell.
Maggie attempts to bespell you!
You are mesmerised by Maggie!
You hit Maggie but do no damage.
Maggie is severely wounded.
You hit the black bear. The black bear barely misses you.
The black bear claws you. The black bear barely misses you.
Maggie hits you with a +0 long sword.
You barely miss Maggie.
Maggie is severely wounded.
You closely miss the black bear. The black bear barely misses you.
The black bear claws you.
* * * LOW HITPOINT WARNING * * *
You block the black bear's attack. Maggie hits you with a +0 long sword.
* * * LOW HITPOINT WARNING * * *
The black bear bites you but does no damage.
The black bear barely misses you. The black bear claws you.
* * * LOW HITPOINT WARNING * * *
You barely miss Maggie.
Maggie is severely wounded.
You hit the black bear.
You kill the black bear!
Beogh accepts your kill.
Maggie zaps a wand.
The roots erupt in riotous growth!
The grasping roots grab you!
Maggie is unaffected.
The grasping roots constrict you.
Your Fighting skill increases to level 5!
Your Armour skill increases to level 3!
Your Shields skill increases to level 3!
You hit Maggie.
Maggie is severely wounded.
Maggie barely misses you. The grasping roots constrict you.
* * * LOW HITPOINT WARNING * * *
You feel better.
A necrophage comes into view.
Maggie gestures at you while chanting. The bolt of fire hits you!!
You die...

#.#.......[.#.#....#....
#...#[....#...#........# ###
#.#...._....#.#........#### ##..
#...#.....#...#..n........#
#....#.#.........#.#............
#..#.....#.#.................#
#......#.....#......##......##
#..#.....#.#..@..............#
#...#......@....##.....#...#
##.##.#####.....##....## #.#
#.<.#.. #........#..### .
#.......##..........#
#.......##..##....###
##..##..###.####..# #.## ### ###
#### ###


You could see Maggie (mesmerising) and a necrophage.

Vanquished Creatures
  Duvessa (D:4)
  A water moccasin (D:5)
  A black bear (D:6)
  2 ogres (D:4)
  The ghost of Ignak the Sneak, an amateur OpEn (D:3)
  A necrophage (D:5)
  A scorpion (D:5)
  Dowan (D:4)
  An orc priest (D:5)
  3 hounds (D:5)
  A jelly (D:5)
  Jessica (D:2)
  3 gnolls (D:3)
  10 adders
  A worm (D:5)
  2 dart slugs
  17 orcs
  7 bats
  2 bat zombies (D:3)
  6 endoplasms
  A giant cockroach (D:2)
  6 goblins
  5 hobgoblins
  6 jackals
  10 kobolds
  5 quokkas
  5 ball pythons
  3 frilled lizards
  9 rats
113 creatures vanquished.

Vanquished Creatures (others)
  2 plants (D:5)
2 creatures vanquished.

Grand Total: 115 creatures vanquished

Notes
Turn   | Place    | Note
-------+----------+-------------------------------------------
     0 | D:1      | Dartaoz the Hill Orc Monk began the quest for the Orb.
     0 | D:1      | Reached XP level 1. HP: 19/19 MP: 1/1
   364 | D:1      | Reached XP level 2. HP: 24/26 MP: 2/2
   460 | D:1      | Reached skill level 5 in Axes
   494 | D:1      | Found Ynaniph's Jewellery Emporium.
   972 | D:2      | Reached XP level 3. HP: 27/31 MP: 3/3
  1104 | D:2      | Found a glowing golden altar of the Shining One.
  1270 | D:2      | Reached skill level 6 in Axes
  1558 | D:2      | Noticed Jessica
  1567 | D:2      | Killed Jessica
  1568 | D:2      | Reached XP level 4. HP: 33/39 MP: 4/4
  1992 | D:3      | Found an iron altar of Okawaru.
  2105 | D:3      | Became a worshipper of Beogh the Brigand
  2105 | D:3      | Reached * piety under Beogh
  2105 | D:3      | Reached ** piety under Beogh
  2109 | D:3      | Reached skill level 7 in Axes
  2149 | D:3      | Found a large runed translucent door.
  2307 | D:3      | Reached XP level 5. HP: 22/46 MP: 5/5
  2858 | D:3      | Found an ancient bone altar of Kikubaaqudgha.
  3049 | D:3      | Found a large runed translucent door.
  3052 | D:3      | Noticed Ignak's ghost (amateur OpEn)
  3067 | D:3      | Killed Ignak's ghost
  3068 | D:3      | Reached skill level 8 in Axes
  3068 | D:3      | Reached XP level 6. HP: 52/52 MP: 6/6
  3321 | D:3      | Found an iron altar of Okawaru.
  3708 | D:3      | Found an ancient bone altar of Kikubaaqudgha.
  4392 | D:4      | Reached skill level 9 in Axes
  4632 | D:4      | Noticed Duvessa
  4644 | D:4      | Killed Duvessa
  4645 | D:4      | Reached XP level 7. HP: 57/58 MP: 0/7
  4658 | D:4      | Noticed Dowan
  4683 | D:4      | Killed Dowan
  4888 | D:4      | Reached skill level 10 in Axes
  4888 | D:4      | Reached skill level 1 in Armour
  4888 | D:4      | Reached skill level 1 in Shields
  4888 | D:4      | Reached skill level 1 in Invocations
  4932 | D:4      | Found Raqot's Distillery.
  4997 | D:4      | Bought a potion of curing for 33 gold pieces
  5041 | D:5      | Entered Level 5 of the Dungeon
  5041 | D:5      | Found a basalt altar of Yredelemnul.
  5291 | D:5      | Found a white marble altar of Elyvilon.
  5405 | D:5      | Reached XP level 8. HP: 46/67 MP: 8/10
  5681 | D:5      | Found a runed translucent gate.
  5681 | D:5      | Found a runed translucent gate.
  5681 | D:5      | Noticed tensugalgo's ghost (amateur AtRe)
  5682 | D:5      | Found a runed translucent gate.
  5738 | D:5      | Found a shadowy altar of Dithmenos.
  6127 | D:6      | Found a radiant altar of Vehumet.
  6158 | D:6      | Noticed Maggie
  6187 | D:6      | Reached skill level 5 in Fighting
  6188 | D:6      | Killed from afar by Maggie

Illustrated notes

Levels and vault maps discovered:
D:1:      matt_arrival_spirals, layout_loops_corners, serial_shops,
          nicolae_shop_statue_plus, kennysheep_doodads, minmay_bisected
D:2:      layout_loops_ring, basic_altar, minmay_curled_crystal,
          kennysheep_jessica_study, uniq_jessica
D:3:      layout_loops_ring, lemuel_zombie_altar_kikubaaqudgha,
          mainiacjoe_overflow_paths, ebering_ghost_disaster_area
D:4:      layout_rooms, serial_shops, nicolae_diamond_shop, uniq_duvessa
D:5:      layout_rooms, amcnicky_altar_gilded, general_overflow_altar,
          lemuel_tele_altar, gammafunk_ghost_nasty_kobolds,
          guppyfry_early_lair_pool
D:6:      layout_cave_pools, nicolae_vehumet_radiance,
          nicolae_overflow_hidden_temple, lemuel_temple_firewalk_b, uniq_maggie

Skill      XL: |  1  2  3  4  5  6  7  8 |
---------------+-------------------------+-----
Axes           | 5 6 7 8 9 10 | 10.5
Fighting       | 4 5 |  5.1
Armour         | 2 3 |  3.0
Shields        | 2 3 |  3.0
Invocations    | 2 3 |  3.5
Dodging        | |  2.4
Stealth        | |  1.5

Action                   |  1- 3 |  4- 6 |  7- 9 || total
-------------------------+-------+-------+-------++-------
Melee: Hand axe          |   108 |   122 |       ||   230
       War axe           |       |    92 |   112 ||   204
Invok: Convert to Beogh  |       |     1 |       ||     1
       Smiting           |       |     2 |     1 ||     3
  Use: Scroll            |       |     3 |       ||     3
       Potion            |       |       |     3 ||     3
 Stab: Sleeping          |     4 |       |       ||     4
Armor: Leather armour    |    28 |     4 |       ||    32
       Ring mail         |       |    39 |       ||    39
       Chain mail        |       |    21 |    62 ||    83
Dodge: Dodged            |    45 |    98 |    45 ||   188
Block: Buckler           |    13 |    19 |    17 ||    49

Table legend: (Time is in decaauts)
 A = Elapsed time spent in this place.
 B = Non-inter-level travel time spent in this place.
 C = Inter-level travel time spent in this place.
 D = Time resting spent in this place.
 E = Time spent auto-exploring this place.
 F = Levels seen in this place.
 G = Mean time per level.
                   A        B        C        D        E       F      G
               +--------+--------+--------+--------+--------+-----+--------+
         Total |   6215 |   5633 |    582 |      0 |   4538 |   6 | 1035.8 |
       Dungeon |   6215 |   5633 |    582 |      0 |   4538 |   6 | 1035.8 |
               +--------+--------+--------+--------+--------+-----+--------+

Top non-repeatable levels by time:
     D:3: 2378 daAuts
     D:5: 1087 daAuts
     D:1: 956 daAuts
     D:2: 913 daAuts
     D:4: 817 daAuts
     D:6: 62 daAuts
